 Dungeon Crawl Stone Soup version 0.30-a0-358-g0d69a1922f (webtiles) character file.

Game seed: 2681302522565786821

63 mopl the Trooper (level 3, -8/29 HPs)
             Began as a Mummy Fighter on Nov 10, 2022.
             Mangled by an orc
             ... wielding a +2 whip of electrocution
              (19 damage)
             ... on level 2 of the Dungeon.
             The game lasted 00:01:48 (2000 turns).

mopl the Trooper (Mummy Fighter)                    Turns: 2000, Time: 00:01:49

Health: -8/29      AC:  7    Str: 21    XL:     3   Next: 87%
Magic:  3/3        EV:  9    Int:  7    God:
Gold:   140        SH:  4    Dex: 11    Spells: 2/2 levels left

rFire   x . .      SeeInvis +      - Unarmed
rCold   + . .      Faith    +    b - +0 buckler
rNeg    + + +      Spirit   .    a - +0 scale mail
rPois   ∞          Reflect  .    (no helmet)
rElec   .          Harm     .    c - +0 cloak
rCorr   .          Rampage  .    (no gloves)
Will    .....                    (no boots)
Stlth   ..........               (no amulet)
HPRegen 0.24/turn                f - ring of see invisible
MPRegen 0.08/turn                (no ring)

@: no status effects
A: cold resistance 1, negative energy resistance 3, torment resistance 2, heat
vulnerability 1, in touch with death 1, no potions, faith
a: no special abilities


You were on level 2 of the Dungeon.
You visited 1 branch of the dungeon, and saw 3 of its levels.

You collected 140 gold pieces.

Inventory:

Hand Weapons
 k - a +0 dagger of venom
Missiles
 j - 4 poisoned darts (quivered)
Armour
 a - a +0 scale mail (worn)
 b - a +0 buckler (worn)
 c - a +0 cloak (worn)
Jewellery
 f - a ring of see invisible (left hand)
Scrolls
 d - 2 scrolls of identify {unknown}
 e - a scroll of butterflies {unknown}
 g - a scroll of amnesia {unknown}
 h - a scroll of teleportation {unknown}
 i - a scroll of immolation {unknown}
 l - a scroll of poison {unknown}


   Skills:
 + Level 3.4 Fighting
 + Level 2.8 Armour
 + Level 1.1 Dodging
 - Level 2.4 Shields
 * Level 2.5 Unarmed Combat


You had 2 spell levels left.
You didn't know any spells.
Your spell library contained the following spells:

 Spells                   Type           Power      Damage    Failure   Level
 Tukima's Dance           Hex            0%         N/A       99%         3
 Passage of Golubria      Tloc           0%         N/A       100%        4
 Yara's Violent Unravell  Hex/Tmut       0%         3d3       100%        5


Dungeon Overview and Level Annotations

Branches:
Dungeon (3/15)

Altars:
Sif Muna


Innate Abilities, Weirdness & Mutations

You are immune to poison.
Your flesh is cold resistant. (rC+)
You are immune to negative energy. (rN+++)
You are immune to unholy pain and torment.
You are vulnerable to heat. (rF-)
You are in touch with the powers of death.
You do not drink.
You have a special connection with the divine. (Faith)


Message History

The goblin is severely wounded.
The goblin closely misses you.
You barely miss the goblin.
The goblin is severely wounded.
The goblin hits you but does no damage.
You hit the goblin.
You kill the goblin!
Things that are here:
a +0 club; a goblin corpse You start resting.
HP restored.
There is a stone staircase leading down here.
You climb downwards.
The orc hits you but does no damage.
There is a stone staircase leading up here.
Unknown command.
The orc hits you with a +2 whip of electrocution.
You are electrocuted!
You climb upwards.
There is a stone staircase leading down here.
You hit the orc.
The orc is lightly wounded.
The orc hits you with a +2 whip of electrocution.
You hit the orc.
The orc is severely wounded.
The orc barely misses you.
You closely miss the orc.
The orc is severely wounded.
The orc hits you with a +2 whip of electrocution.
You are too injured to fight recklessly!
You are too injured to fight recklessly!
You are too injured to fight recklessly!
You closely miss the orc.
The orc is severely wounded.
The orc hits you with a +2 whip of electrocution.
You closely miss the orc.
The orc is severely wounded.
The orc hits you with a +2 whip of electrocution.
You are electrocuted!!
Ouch! That really hurt!
You die...

......###.........# #)##.## ##
.......##.#...###.#####.#...####.
.......'.......................'.
.......##.#...###.##........####.
......###.#...# #.##.##.#...## ##
.....## #.#.### #.##.##......# #
#.).## #.#.# #.##.##......# ##+##
#.#.#####)##.###.....# #.#
#......o@.##.# ##...## #.#
###.########.#####..# ##.## #.#
#........# #...#######.#
#######.#### ............# #....#
#...######### ####.### ...##
#.... ##.# ##### #.#


You could see an orc.

Vanquished Creatures
  5 dart slugs
  7 bats
  4 endoplasms
  2 giant cockroaches (D:1)
  4 goblins
  7 hobgoblins
  2 quokkas
  6 ball pythons
  4 frilled lizards
  4 kobolds
  6 rats
51 creatures vanquished.

Notes
Turn   | Place    | Note
-------+----------+-------------------------------------------
     0 | D:1      | mopl the Mummy Fighter began the quest for the Orb.
     0 | D:1      | Reached XP level 1. HP: 18/18 MP: 1/1
   274 | D:1      | Reached XP level 2. HP: 24/24 MP: 2/2
   322 | D:1      | Reached skill level 2 in Unarmed Combat
   600 | D:1      | Gained mutation: You are in touch with the powers of death.
                  | [Mummy growth]
   600 | D:1      | Reached XP level 3. HP: 27/29 MP: 3/3
   699 | D:1      | Found a faded altar of an unknown god.
  1046 | D:2      | Reached skill level 1 in Dodging
  1433 | D:2      | Found a shimmering blue altar of Sif Muna.
  2000 | D:2      | Mangled by an orc

Illustrated notes

Levels and vault maps discovered:
D:1:      tarquinn_simple_flora_water_f, layout_basic,
          hellmonk_ecumenical_altar_leap_of_faith
D:2:      layout_loops_corners, basic_altar
D:3:      cheibrodos_thug_alley, layout_basic, kennysheep_orc_chapel

Skill      XL: |  1  2  3 |
---------------+----------+-----
Unarmed Combat | 2 |  2.5
Dodging        | 1 |  1.1
Fighting       | |  3.4
Armour         | |  2.8
Shields        | |  2.4

Action                   || total
-------------------------++-------
Melee: Unarmed           ||   220
Armor: Scale mail        ||    78
Dodge: Dodged            ||    93
Block: Buckler           ||    31

Table legend: (Time is in decaauts)
 A = Elapsed time spent in this place.
 B = Non-inter-level travel time spent in this place.
 C = Inter-level travel time spent in this place.
 D = Time resting spent in this place.
 E = Time spent auto-exploring this place.
 F = Levels seen in this place.
 G = Mean time per level.
                   A        B        C        D        E       F      G
               +--------+--------+--------+--------+--------+-----+--------+
         Total |   2001 |   1946 |     55 |     68 |   1442 |   3 |  667.0 |
       Dungeon |   2001 |   1946 |     55 |     68 |   1442 |   3 |  667.0 |
               +--------+--------+--------+--------+--------+-----+--------+

Top non-repeatable levels by time:
     D:2: 1036 daAuts
     D:1: 810 daAuts
     D:3: 154 daAuts
